 Dungeon Crawl Stone Soup version 0.19.5 (webtiles) character file.

406 Lizareth the Slasher (level 6, -1/48 HPs)
             Began as a Merfolk Gladiator on Mar 12, 2017.
             Succumbed to a worker ant's poison
             ... on level 4 of the Dungeon.
             The game lasted 00:24:55 (3467 turns).

Lizareth the Slasher (Merfolk Gladiator)            Turns: 3467, Time: 00:24:56

Health: -1/48      AC:  3    Str: 15 (16) XL:     6   Next: 87%
Magic:  6/6        EV: 21    Int:  5 (7)  God:
Gold:   102        SH:  5    Dex: 18 (21) Spells: 0 memorised, 5 levels left

rFire  . . .     SeeInvis .     a - +0 long sword
rCold  . . .     Gourm    .     t - +0 robe
rNeg   . . .     Faith    .     w - +0 buckler
rPois  .         Spirit   .     c - +0 helmet
rElec  .         Reflect  .     (no cloak)
rCorr  .         Harm     .     (no gloves)
MR     .....                    (no boots)
Stlth  +++.......               u - amulet of magic regeneration
                                (no ring)
                                (no ring)

@: agile, lethally poisoned (-1 -> -33), very slightly contaminated, drained,
invisible
A: change form in water, swift swim, stealthy swim, robust 1
a: no special abilities


You were on level 4 of the Dungeon.
You were not hungry.

You visited 1 branch of the dungeon, and saw 4 of its levels.

You collected 102 gold pieces.

Inventory:

Hand Weapons
 a - a +0 long sword (weapon)
Missiles
 d - 3 throwing nets (quivered)
Armour
 b - a +0 leather armour
 c - a +0 helmet (worn)
 t - a +0 robe (worn)
 v - a +0 pair of gloves
 w - a +0 buckler (worn)
Jewellery
 u - an amulet of magic regeneration (around neck)
Scrolls
 h - 2 scrolls of recharging {unknown}
 k - 4 scrolls of magic mapping {unknown}
 n - 2 scrolls of remove curse {unknown}
 o - 7 scrolls of identify {unknown}
 r - 2 scrolls of random uselessness {unknown}
 s - a scroll of teleportation {unknown}
Potions
 p - a potion of degeneration
 z - a potion of magic
Comestibles
 f - a bread ration
 i - a meat ration
 j - 4 fruits
 A - a slice of pizza
 B - a beef jerky


   Skills:
 - Level 2.1(1.9) Fighting
 * Level 5.7(5.4) Long Blades
 - Level 2.0(1.7) Throwing
 - Level 0.4(0.2) Armour
 * Level 5.5(5.3) Dodging
 - Level 4.0(3.8) Shields


You had 5 spell levels left.
You didn't know any spells.

Dungeon Overview and Level Annotations

Branches:
Dungeon (4/15)
 Temple: D:4-7

Altars:
Yredelemnul


Innate Abilities, Weirdness & Mutations

You revert to your normal form in water.
You are very nimble and swift while swimming.
You are very stealthy in the water. (Stealth+)
You are robust. (+10% HP)


Message History

You are too injured to fight recklessly!
You are too injured to fight recklessly!
You are too injured to fight recklessly!
You are too injured to fight recklessly!
It was a potion of invisibility.
You fade into invisibility!
* * * LOW HITPOINT WARNING * * *
You feel very sick. The worker ant bites you.
* * * LOW HITPOINT WARNING * * *
You are more poisoned.
The worker ant poisons you!
You are very lightly contaminated with residual magic.
It was a potion of agility.
You feel agile all of a sudden.
* * * LOW HITPOINT WARNING * * *
You feel sick. You block the worker ant's attack.
It was a potion of mutation.
You feel extremely strange.
You feel robust.
You feel agile.
You feel clumsy.
You die...

................##....#
..##..########..##....#
#+###'####.###..##....#
.........'............######
.........#..................
..##...#######..####..##....
+ ##### #..###+####..# ...
.............#
......a@.....#
.................
........(.........
.............##...
.#.##.##.##### +## # #. #.#
.. #.. ... ..


You could see a worker ant.

Vanquished Creatures
  A scorpion (D:4)
  A jelly (D:4)
  A howler monkey (D:4)
  2 iguanas (D:4)
  A worker ant (D:4)
  A hound skeleton (D:4)
  6 adders
  4 gnolls (D:4)
  An ooze (D:4)
  An adder skeleton (D:4)
  2 dart slugs
  2 leopard geckos
  3 orcs (D:4)
  2 ball pythons (D:4)
  3 giant cockroaches
  10 hobgoblins
  8 jackals
  11 kobolds
  A quokka (D:3)
  10 bats
  3 frilled lizards
  7 goblins
  A leopard gecko skeleton (D:4)
  14 rats
96 creatures vanquished.

Notes
Turn   | Place    | Note
-------+----------+-------------------------------------------
     0 | D:1      | Lizareth the Merfolk Gladiator began the quest for the Orb.
     0 | D:1      | Reached XP level 1. HP: 16/16 MP: 1/1
   111 | D:1      | Reached XP level 2. HP: 10/22 MP: 2/2
   389 | D:1      | Reached XP level 3. HP: 21/27 MP: 3/3
  1263 | D:2      | Reached XP level 4. HP: 32/33 MP: 4/4
  1897 | D:3      | Found a basalt altar of Yredelemnul.
  2099 | D:3      | Reached skill level 5 in Long Blades
  2099 | D:3      | Reached skill level 5 in Dodging
  2368 | D:4      | Reached XP level 5. HP: 27/38 MP: 5/5
  2426 | D:4      | HP: 1/38 [worker ant (6)]
  2435 | D:4      | Reached XP level 6. HP: 7/44 MP: 6/6
  2449 | D:4      | HP: 3/66 [poisoned by a worker ant]
  2456 | D:4      | HP: 3/66 [poisoned by a worker ant]
  2464 | D:4      | HP: 3/66 [poisoned by a worker ant]
  3068 | D:4      | HP: 1/44 [acid (5)]
  3466 | D:4      | HP: 2/44 [poisoned by a worker ant]
  3467 | D:4      | Gained mutation: You are robust. (+10% HP) [potion of mutation]
  3467 | D:4      | Gained mutation: You are agile. (Dex +2) [potion of mutation]
  3467 | D:4      | Lost mutation: You are agile. (Dex +2) [potion of mutation]
  3467 | D:4      | Succumbed to a worker ant's poison

Skill      XL: |  1  2  3  4  5  6 |
---------------+-------------------+-----
Long Blades    | 4 5 |  5.7
Dodging        | 5 |  5.5
Shields        | 2 3 4 |  4.0
Fighting       | |  2.1
Throwing       | |  2.0
Armour         | |  0.4

Action                   |  1- 3 |  4- 6 || total
-------------------------+-------+-------++-------
Melee: Long sword        |    99 |   184 ||   283
       Tailslap          |     1 |       ||     1
  Use: Potion            |       |    10 ||    10
 Stab: Sleeping          |     2 |     2 ||     4
  Eat: Chunk             |     1 |     3 ||     4
       Meat ration       |       |     1 ||     1
Armor: Leather armour    |    37 |    10 ||    47
       Robe              |       |    18 ||    18
Dodge: Dodged            |    82 |   130 ||   212
Block: Buckler           |       |    27 ||    27
       Rpst.: Long sword |    19 |    33 ||    52
